 Dungeon Crawl Stone Soup version 0.30-a0-377-g5cb311bc9f (webtiles) character file.

Game seed: 14632295761910037470

77 qeuew the Trooper (level 4, -1/40 HPs)
             Began as a Hill Orc Fighter on Nov 30, 2022.
             Was an Initiate of Beogh.
             Killed from afar by an orc wizard (6 damage)
             ... with a magic dart
             ... on level 3 of the Dungeon.
             The game lasted 00:01:45 (1913 turns).

qeuew the Trooper (Hill Orc Fighter)                Turns: 1913, Time: 00:01:47

Health: -1/40      AC: 11    Str: 18    XL:     4   Next: 33%
Magic:  4/4        EV:  7    Int:  8    God:    Beogh [......]
Gold:   86         SH:  4    Dex: 12    Spells: 3/3 levels left

rFire   + . .      SeeInvis .    a - +0 war axe
rCold   . . .      Faith    .    c - +0 buckler
rNeg    . . .      Spirit   .    h - +2 chain mail {rF+}
rPois   .          Reflect  .    (no helmet)
rElec   .          Harm     .    (no cloak)
rCorr   .          Rampage  .    (no gloves)
Will    .....                    (no boots)
Stlth   ..........               (no amulet)
HPRegen 0.26/turn                (no ring)
MPRegen 0.09/turn                (no ring)

@: mighty
A: no striking features
a: Renounce Religion


You were on level 3 of the Dungeon.
You worshipped Beogh.
Beogh was noncommittal.
You visited 1 branch of the dungeon, and saw 3 of its levels.

You collected 86 gold pieces.

Inventory:

Hand Weapons
 a - a +0 war axe (weapon)
Armour
 c - a +0 buckler (worn)
 h - a +2 chain mail of fire resistance (worn)
Scrolls
 e - a scroll of brand weapon {unknown}
Potions
 f - 2 potions of haste
 g - 2 potions of curing


   Skills:
 + Level 4.1 Fighting
 + Level 3.5 Axes
 + Level 3.8 Armour
 + Level 1.1 Dodging
 + Level 3.7 Shields
 + Level 1.0 Invocations


You had 3 spell levels left.
You didn't know any spells.
Your spell library was empty.

Dungeon Overview and Level Annotations

Branches:
Dungeon (3/15)

Altars:


Message History

You bump into the rock wall.
Something hits you but does no damage. The orc barely misses you.
You feel very mighty all of a sudden. The orc hits you but does no damage.
Something hits you.
You bump into the rock wall.
Something hits you but does no damage. The orc hits you but does no damage.
You barely miss something. Something hits you but does no damage.
The orc hits you from afar with a +0 trident.
You bump into the rock wall.
The orc closely misses you.
You bump into the rock wall.
You feel less confused. The orc hits you but does no damage.
You slice the orc!!
You kill the orc!
Beogh accepts your kill.
Your Invocations skill increases to level 1!
You closely miss something.
You hear some strange, mumbled words.
A magic dart appears from out of thin air!
The magic dart hits you!
* * * LOW HITPOINT WARNING * * *
Something hits you but does no damage.
You barely miss something.
You hear some strange, mumbled words.
A puff of flame appears from out of thin air!
The puff of flame hits you but does no damage.
You closely miss something.
You hear some strange, mumbled words.
A puff of flame appears from out of thin air!
The puff of flame hits you. You resist.
* * * LOW HITPOINT WARNING * * *
You miss something.
You hear some strange, mumbled words.
A puff of flame appears from out of thin air!
The puff of flame misses you.
You hear some strange, mumbled words.
A magic dart appears from out of thin air!
The magic dart hits you.
You die...
Beogh appreciates something's killing of a heretic priest.

.#######.†...........
[....................
.....................
.....................
.....................
.....................
+#######.............
..#o#######.............
...loo{@.....[..........
..#.####################


You could see 3 orcs and a frilled lizard.

Vanquished Creatures
  3 adders
  A worm (D:2)
  2 dart slugs
  2 orcs
  6 ball pythons
  5 endoplasms
  A giant cockroach (D:2)
  3 goblins
  2 hobgoblins (D:2)
  4 jackals
  2 quokkas
  3 bats
  2 frilled lizards
  2 kobolds (D:2)
  A rat (D:1)
39 creatures vanquished.

Vanquished Creatures (others)
  A goblin (D:2)
1 creature vanquished.

Grand Total: 40 creatures vanquished

Notes
Turn   | Place    | Note
-------+----------+-------------------------------------------
     0 | D:1      | qeuew the Hill Orc Fighter began the quest for the Orb.
     0 | D:1      | Reached XP level 1. HP: 19/19 MP: 1/1
   449 | D:1      | Reached XP level 2. HP: 24/27 MP: 2/2
   955 | D:2      | Reached XP level 3. HP: 6/33 MP: 3/3
  1038 | D:2      | Became a worshipper of Beogh the Brigand
  1041 | D:2      | Reached skill level 4 in Fighting
  1318 | D:2      | Reached skill level 1 in Dodging
  1527 | D:2      | Reached XP level 4. HP: 40/40 MP: 4/4
  1725 | D:3      | Found a faded altar of an unknown god.
  1910 | D:3      | Reached skill level 1 in Invocations
  1913 | D:3      | Killed from afar by an orc wizard

Illustrated notes

Levels and vault maps discovered:
D:1:      amcnicky_arrival_gap_in_the_tavern_cellar, layout_basic
D:2:      cheibrodos_pilgrimage, layout_basic
D:3:      layout_basic, dreamdust_ecumenical_altar_statues, wad_rectangle_vault

Skill      XL: |  1  2  3  4 |
---------------+-------------+-----
Axes           | 3 |  3.5
Fighting       | 4 |  4.1
Dodging        | 1 |  1.1
Invocations    | 1 |  1.0
Armour         | |  3.8
Shields        | |  3.7

Action                   |  1- 3 |  4- 6 || total
-------------------------+-------+-------++-------
Melee: War axe           |    79 |    32 ||   111
Invok: Convert to Beogh  |     1 |       ||     1
  Use: Scroll            |     2 |     2 ||     4
       Potion            |     1 |     1 ||     2
Armor: Scale mail        |    39 |     8 ||    47
       Chain mail        |       |    26 ||    26
Dodge: Dodged            |    49 |    15 ||    64
Block: Buckler           |    22 |     1 ||    23

Table legend: (Time is in decaauts)
 A = Elapsed time spent in this place.
 B = Non-inter-level travel time spent in this place.
 C = Inter-level travel time spent in this place.
 D = Time resting spent in this place.
 E = Time spent auto-exploring this place.
 F = Levels seen in this place.
 G = Mean time per level.
                   A        B        C        D        E       F      G
               +--------+--------+--------+--------+--------+-----+--------+
         Total |   1955 |   1908 |     47 |      0 |   1597 |   3 |  651.7 |
       Dungeon |   1955 |   1908 |     47 |      0 |   1597 |   3 |  651.7 |
               +--------+--------+--------+--------+--------+-----+--------+

Top non-repeatable levels by time:
     D:1: 924 daAuts
     D:2: 782 daAuts
     D:3: 248 daAuts
